 Dungeon Crawl Stone Soup version 0.21.1-1-g345015f (webtiles) character file.

51 pk666 the Magician (level 3, 0/19 HPs)
             Began as a Deep Elf Wizard on Feb 13, 2018.
             Succumbed to an adder's poison
             ... on level 2 of the Dungeon.
             The game lasted 00:03:06 (1795 turns).

pk666 the Magician (Deep Elf Wizard)                Turns: 1795, Time: 00:03:07

Health: 0/19       AC:  3    Str:  4    XL:     3   Next: 58%
Magic:  6/11       EV: 13    Int: 23    God:
Gold:   74         SH:  0    Dex: 13    Spells: 3/12 levels left

rFire    . . .     SeeInvis .   h - +1 dagger
rCold    . . .     Gourm    .   (no shield)
rNeg     . . .     Faith    .   a - +0 robe
rPois    .         Spirit   .   b - +1 hat
rElec    .         Reflect  .   (no cloak)
rCorr    .         Harm     .   (no gloves)
MR       .....                  (no boots)
Stlth    ++........             (no amulet)
HPRegen  0.06/turn              (no ring)
MPRegen  0.12/turn              (no ring)

@: lethally poisoned (0 -> -5), very slightly contaminated
A: no striking features
a: no special abilities


You were on level 2 of the Dungeon.
You were not hungry.

You visited 1 branch of the dungeon, and saw 2 of its levels.

You collected 74 gold pieces.

Inventory:

Hand Weapons
 h - a +1 dagger (weapon)
Missiles
 g - 6 javelins (quivered)
Armour
 a - a +0 robe (worn)
 b - a +1 hat (worn)
Scrolls
 i - a scroll of remove curse
Books
 c - a book of Minor Magic

   Spells                             Type                      Level
   a - Magic Dart                     Conjuration                  1
   b - Blink                          Translocation                2
   c - Call Imp                       Summoning                    2
   d - Slow                           Hexes                        2
   e - Conjure Flame                  Conjuration/Fire             3
   f - Mephitic Cloud                 Conjuration/Poison/Air       3
Comestibles
 d - 6 rations
 f - 8 chunks of flesh


   Skills:
 + Level 3.3 Dodging
 - Level 2.4 Stealth
 + Level 5.2 Spellcasting
 + Level 2.3 Conjurations
   Level 1.1 Summonings
 - Level 1.1 Translocations


You had 3 spell levels left.
You knew the following spells:

 Your Spells              Type           Power        Failure   Level  Hunger
a - Magic Dart            Conj           ###.         3%          1    None
b - Blink                 Tloc           N/A          9%          2    None
d - Conjure Flame         Conj/Fire      ##......     17%         3    ##.....
z - Mephitic Cloud        Conj/Pois/Air  #.......     21%         3    ##.....


Dungeon Overview and Level Annotations

Branches:
Dungeon (2/15)

Altars:


Message History

It is a scroll of enchant weapon.
Your +0 dagger glows red for a moment.
As you read the scroll labeled ZUT AZIADEYCS, it crumbles to dust.
You feel aware of your surroundings.
It was a scroll of magic mapping.
* * * LOW HITPOINT WARNING * * *
You feel sick.
As you read the scroll labeled ZEINTA JAUP, it crumbles to dust.
You feel blessed for a moment.
It was a scroll of remove curse.
Sorry, you're not good enough to have a special ability.
Sorry, you're not good enough to have a special ability.
Sorry, you're not good enough to have a special ability.
Sorry, you're not good enough to have a special ability.
Casting: Magic Dart
Confirm with . or Enter, or press ? or * to list all spells.
Okay, then.
Okay, then.
There is a lethal amount of poison in your body!
* * * LOW HITPOINT WARNING * * *
You feel sick.
You die...

*,,,* *,#,* ####.#,****
###....#,,,,**** *****
#...#######,,,,, *,,,**
#.#....#..,,****
,***,****#####** #.####.#.#***
,* *,,,,,......###.####.#.#*,**
,***,,>,,***,#..@........<#,*,**
,,,,,,,,,*
*,#####.###รท###.#**,**
******,,,* *,* #.# #.#*,## **,,
*,,,,,,* *,* #.# #.#**,***,**
*,***,,* *,* #.# #.# **,*,**
***,***,,***,* #.# #.# **,**
,,,,,,,,,,**,* #.# #.# *,****
**,,***,,>**,* *.# #.# *,,,,,
*,,* *,,,**,*****,**#.# *,,***


There were no monsters in sight!

Vanquished Creatures
  An adder (D:2)
  A dart slug (D:1)
  3 leopard geckos
  5 bats (D:1)
  2 giant cockroaches (D:1)
  4 hobgoblins (D:1)
  6 jackals (D:1)
  3 kobolds (D:1)
  2 frilled lizards (D:1)
  4 goblins (D:1)
  3 rats
34 creatures vanquished.

Notes
Turn   | Place    | Note
-------+----------+-------------------------------------------
     0 | D:1      | pk666 the Deep Elf Wizard began the quest for the Orb.
     0 | D:1      | Reached XP level 1. HP: 10/10 MP: 7/7
   145 | D:1      | Reached XP level 2. HP: 15/15 MP: 1/9
   810 | D:1      | Reached skill level 5 in Spellcasting
   942 | D:1      | Reached XP level 3. HP: 19/19 MP: 3/11
  1760 | D:2      | Learned a level 2 spell: Blink
  1764 | D:2      | Learned a level 3 spell: Mephitic Cloud
  1768 | D:2      | Learned a level 3 spell: Conjure Flame
  1795 | D:2      | Succumbed to an adder's poison

Skill      XL: |  1  2 |
---------------+-------+-----
Dodging        | 3 |  3.3
Conjurations   | 2 |  2.3
Spellcasting   | 5 |  5.2
Stealth        | |  2.4
Summonings     | |  1.1
Translocations | |  1.1

Action                   || total
-------------------------++-------
 Cast: Magic Dart        ||    91
  Use: Scroll            ||     4
  Eat: Chunk             ||     2
Armor: Robe              ||     1
Dodge: Dodged            ||    15
